Match 34343418
Unlisted

Match 34343418
End
Panzergrenadier Squad
Panzergrenadier Squad
Selects Battlefield Espionage Battlegroup
Panzergrenadier Squad
Panzergrenadier Squad
Construct Light Support Kompanie
Selects 250/3 Funkpanzerwagen
Fire Support Elements
Veteran Squad Leaders
Flakvierling Half-track
Flakvierling Half-track
Selects Anti-Tank Incendiary Munitions
Panzerjäger Mechanized Group
Selects Intel Disruption Beacon
Vehicle Survival Package
Selects Plunder
Fol20
deadsadbadmad
Mayuka
Shika
0
0

Comments sign in to comment!

No comments posted yet!